Match 41469526
Unlisted

Match 41469526
End
Scout Squad
Selects Armored Battlegroup
Selects Assault Engineers
Assault Engineer Squad
Construct Weapon Support Center
Assault Engineer Squad
Assault Engineer Squad
M1919 Machine Gun Team
Construct Medical Station
Air Support Center
M1919 Machine Gun Team
Construct Motor Pool
Selects Strength in Steel
M8 Greyhound Armored Car
Bazooka Squad
M8 Greyhound Armored Car
Water White
outlawer11
KevinTDW
Brossie 74
0
0

Comments sign in to comment!

No comments posted yet!